 Dungeon Crawl Stone Soup version 0.16.2 (webtiles) character file.

84 RepoMan the Firebug (level 4, -10/30 HPs)
             Began as a Mummy Fire Elementalist on Aug 14, 2015.
             Killed by divine providence
             ... invoked by an orc priest
              (16 damage)
             ... on level 3 of the Dungeon.
             The game lasted 00:13:12 (2326 turns).

RepoMan the Firebug (Mummy Fire Elementalist)       Turns: 2326, Time: 00:13:18

Health: -10/30     AC:  3    Str: 11    XL:     4   Next: 23%
Magic:  1/8        EV: 12    Int: 15    God:
Gold:   28         SH:  0    Dex: 12    Spells: 3 memorised, 2 levels left

rFire  x . .     SeeInvis .     f - +0 short sword (freeze)
rCold  + . .     Clarity  .     a - +1 robe
rNeg   + + +     SustAb   .     (no shield)
rPois  ∞         Gourm    .     (no helmet)
rElec  .         Spirit   .     (no cloak)
rCorr  .         Warding  .     (no gloves)
rMut   .         Stasis   .     (no boots)
MR     .....                    (no amulet)
Stlth  ++........               (no ring)
                                (no ring)

@: very slightly contaminated, not resistant to hostile enchantments, unstealthy
A: no food or potions, fire vulnerability, restore body, cold resistance 1,
negative energy resistance 3, poison resistance, torment resistance, unbreathing
a: no special abilities


You were on level 3 of the Dungeon.
You were not hungry.

You visited 1 branch of the dungeon, and saw 3 of its levels.

You collected 28 gold pieces.

Inventory:

Hand weapons
 f - a +0 short sword of freezing (weapon)
Armour
 a - a +1 robe (worn)
Scrolls
 d - a scroll of enchant armour
 e - 2 scrolls of identify {unknown}
 g - a scroll of fog {unknown}
Books
 b - a book of Flames

   Spells                             Type                      Level
   a - Flame Tongue                   Conjuration/Fire             1
   b - Throw Flame                    Conjuration/Fire             2
   c - Conjure Flame                  Conjuration/Fire             3
   d - Inner Flame                    Hexes/Fire                   3
   e - Sticky Flame                   Conjuration/Fire             4
   f - Fireball                       Conjuration/Fire             5


   Skills:
 - Level 1.5 Dodging
 - Level 1.5 Stealth
 + Level 2.7 Spellcasting
 + Level 1.6 Conjurations
 * Level 3.4 Fire Magic


You had 2 spell levels left.
You knew the following spells:

 Your Spells              Type           Power        Failure   Level  Hunger
a - Flame Tongue          Conj/Fire      #....        10%         1    N/A
b - Throw Flame           Conj/Fire      #.....       12%         2    N/A
c - Conjure Flame         Conj/Fire      #.......     24%         3    N/A

Dungeon Overview and Level Annotations

Branches:
Dungeon (3/15)

Altars:
Qazlal


Innate Abilities, Weirdness & Mutations

You do not eat or drink.
Your flesh is vulnerable to fire.
Your flesh is cold resistant.
You are immune to negative energy.
Your system is resistant to poisons.
You are immune to unholy pain and torment.
You can survive without breathing.


Message History

* * * LOW HITPOINT WARNING * * *
Read which item? (? for menu, Esc to quit)
As you read the scroll labeled BLUIBI QIUCO, it crumbles to dust.
It is a scroll of enchant armour.
Enchant which item? (? for menu, Esc to quit)
Your +0 robe glows green for a moment.
The orc priest barely misses you.
Casting: Flame Tongue
Confirm with . or Enter, or press ? or * to list all spells.
Aiming: Flame Tongue
Press: ? - help, Shift-Dir - straight line, f - orc priest
Aim: an orc priest, wielding a club and wearing a ring mail The flame tongue hits the orc priest.
The orc priest appears unharmed.
Read which item? (? for menu, Esc to quit)
As you read the scroll labeled KUAQITIMAA, it crumbles to dust.
You feel aware of your surroundings.
You sensed 2 altars.
It was a scroll of magic mapping.
The orc priest mumbles some strange prayers to Beogh against you.
Something smites you!
Ouch! That really hurt!
You die...

*,,,,,,,,,,,,#.* *,****,****,*
*,,,,,,,*,,*.#.******,,,,,,,,,,,*
*,,,,,,,,,,,,..,,,,,,,,,,,,,,,,,,
*,,,,,,,,,<,,#.*****,,*,#.#***,**
*****,*****###.## **,*,#.# *,*
*>,,,,,,....# *,*,#.# *,*
************,#..## *,*,#.#***,#
,,,,,,,,,,,,,#.o.# *,*,...,,*.##
,,,,,,,,,,***#)#@## *,###.#*,....
,,,,,,,,,,* #.#..# *,#...##.....
,,,,,,,,,,* #o##.##*,#..........
,,,,,,,,,,* #.*#..##.###)###,,,,
,,,,,,,,,,*#*#.*##.##....<^.+,,,,
,,,,,,,,,,.....###.######.###,,,,
,*,,********#.............# *,,,,
**,,,* #.#####.#####.# *****
***,,* *,* #.# #.#


You could see an orc priest.

Vanquished Creatures
  Ijyb (D:3)
  An adder (D:2)
  A worm (D:2)
  A giant gecko (D:1)
  3 orcs (D:3)
  A ball python (D:2)
  7 bats
  3 goblins
  6 hobgoblins
  5 jackals (D:2)
  7 kobolds
  5 giant cockroaches (D:1)
  3 giant newts (D:1)
  4 rats (D:1)
48 creatures vanquished.

Notes
Turn   | Place    | Note
--------------------------------------------------------------
     0 | D:1      | RepoMan, the Mummy Fire Elementalist, began the quest for the Orb.
     0 | D:1      | Reached XP level 1. HP: 13/13 MP: 3/3
   110 | D:1      | Reached skill level 1 in Conjurations
   254 | D:1      | Reached XP level 2. HP: 19/19 MP: 1/4
   258 | D:1      | Learned a level 2 spell: Throw Flame
  1075 | D:1      | Reached skill level 3 in Fire Magic
  1347 | D:1      | Reached XP level 3. HP: 24/24 MP: 4/6
  1459 | D:1      | Learned a level 3 spell: Conjure Flame
  1955 | D:2      | Found a stormy altar of Qazlal.
  1958 | D:2      | Noticed a water elemental
  1959 | D:2      | Noticed an earth elemental
  1959 | D:2      | Noticed an air elemental
  1959 | D:2      | Noticed a fire elemental
  2223 | D:3      | Noticed Ijyb
  2233 | D:3      | Killed Ijyb
  2233 | D:3      | Reached XP level 4. HP: 30/30 MP: 1/8
  2326 | D:3      | Killed from afar by an orc priest

Action                   |  1- 3 |  4- 6 || total
-------------------------+-------+-------++-------
Melee: Short sword       |     5 |     2 ||     7
       Unarmed           |     4 |       ||     4
 Cast: Flame Tongue      |    87 |     9 ||    96
  Use: Scroll            |       |     2 ||     2
